 Dungeon Crawl Stone Soup version 0.17.0-28-g6e173f8 (webtiles) character file.

17724 Ivanskos the Nimble (level 12, -2/114 HPs)
             Began as a Deep Dwarf Fighter on Dec 1, 2015.
             Was the Champion of Makhleb.
             Killed by divine providence
             ... invoked by an orc priest
              (15 damage)
             ... on level 4 of the Orcish Mines.
             The game lasted 00:52:58 (11079 turns).

Ivanskos the Nimble (Deep Dwarf Fighter)           Turns: 11079, Time: 00:52:58

Health: -2/114     AC:  7    Str: 22    XL:     12   Next: 21%
Magic:  11/11      EV:  7    Int: 15    God:    Makhleb [******]
Gold:   434        SH: 17    Dex: 10    Spells: 0 memorised, 11 levels left

rFire  + + +     SeeInvis .     v - +7 war axe of Spores {venom, Stlth+}
rCold  + + .     Clarity  .     r - +3 plate armour "Wuoxippo" {rC++ Int+5 Stlth-}
rNeg   + + .     SustAt   .     n - +0 large shield "Huuroury" {rPois rF- rN++ Slay+3}
rPois  +         Gourm    .     g - +2 hat
rElec  +         Spirit   .     L - +2 cloak
rCorr  .         Warding  .     F - +0 pair of gloves
rMut   .         Stasis   +     q - +2 pair of boots of the Desert {rElec rF+++ Dex-2}
MR     +....                    b - amulet of stasis
Stlth  ..........               M - +3 ring of slaying
                                O - ring of protection from fire

@: corroded equipment, non-regenerating, somewhat resistant to hostile
enchantments, extremely unstealthy
A: damage resistance, recharge devices, talons 1, molten scales 1, blink,
deformed body, sense surroundings 2, screaming 1, slow regeneration 3, spit
poison 1, weak 1, wild magic 1
a: Device Recharging, Spit Poison, Blink, Minor Destruction, Lesser Servant of
Makhleb, Major Destruction, Greater Servant of Makhleb, Renounce Religion


You were on level 4 of the Orcish Mines.
You worshipped Makhleb.
Makhleb was exalted by your worship.
You were very hungry.

You visited 4 branches of the dungeon, and saw 18 of its levels.

You collected 1750 gold pieces.
You spent 1316 gold pieces at shops.

Inventory:

Hand Weapons
 v - the +7 war axe of Spores (weapon) {venom, Stlth+}
   (You found it on level 4 of the Dungeon)

   It poisons the flesh of those it strikes.
   It makes you more stealthy.
Armour
 g - a +2 hat (worn)
 n - the +0 large shield "Huuroury" (worn) {rPois rF- rN++ Slay+3}
   (You bought it in a shop on level 2 of the Orcish Mines)

   It affects your accuracy and damage with ranged weapons and melee attacks
   (+3).
   It makes you vulnerable to fire.
   It protects you from poison.
   It greatly protects you from negative energy.
 q - the +2 pair of boots of the Desert (worn) {rElec rF+++ Dex-2}
   (You bought it in a shop on level 2 of the Orcish Mines)

   It affects your dexterity (-2).
   It renders you almost immune to fire.
   It insulates you from electricity.
 r - the +3 plate armour "Wuoxippo" (worn) {rC++ Int+5 Stlth-}
   (You bought it in a shop on level 2 of the Orcish Mines)

   It affects your intelligence (+5).
   It greatly protects you from cold.
   It makes you less stealthy.
 F - a +0 pair of gloves (worn)
 L - a +2 cloak (worn)
 T - the +3 leather armour of Xoed {rElec Str+4}
   (You found it on level 1 of the Lair of Beasts)

   It affects your strength (+4).
   It insulates you from electricity.
Jewellery
 b - an amulet of stasis (around neck)
 G - an uncursed ring of fire
 M - a +3 ring of slaying (right hand)
 O - a ring of protection from fire (left hand)
Wands
 e - a wand of heal wounds (4)
Scrolls
 a - a scroll of blinking
 i - a scroll of enchant weapon
 k - 9 scrolls of teleportation
 l - a scroll of identify
 x - 2 scrolls of magic mapping
 y - a scroll of enchant armour
 E - 3 scrolls of remove curse
 V - a scroll of recharging
Potions
 d - a potion of might
 j - a potion of haste
 m - 2 potions of flight
 o - 2 potions of heal wounds
 p - a potion of resistance
 z - 6 potions of curing
 A - a potion of brilliance
 W - a potion of cure mutation {unknown}
 X - a potion of ambrosia {unknown}
Comestibles
 f - 6 bread rations
 h - 4 fruits
 C - a beef jerky


   Skills:
 * Level 9.3 Fighting
 + Level 10.4(10.7) Axes
   Level 3.2(6.9) Maces & Flails
 + Level 9.6 Armour
 + Level 11.5 Dodging
 + Level 9.9 Shields


You had 11 spell levels left.
You didn't know any spells.

Dungeon Overview and Level Annotations

Branches:
Dungeon (12/15)            Temple (1/1) D:7            Lair (1/8) D:9
    Orc (4/4) D:12
    Elf: Orc:3-4

Altars:
Ashenzari
Cheibriados
Dithmenos
Elyvilon
Fedhas
Gozag
Kikubaaqudgha
Makhleb
Nemelex Xobeh
Okawaru
Qazlal
Ru
Sif Muna
Trog
Vehumet
Xom
Yredelemnul
Zin
The Shining One

Shops:
D:10 (   Orc:2 [==


Innate Abilities, Weirdness & Mutations

You are resistant to damage.
You can recharge devices by infusing magical energy.
You passively map the area around you.
You do not regenerate naturally.
You have sharp toenails.
You are partially covered in molten scales (AC +1).
You can translocate small distances at will.
Armour fits poorly on your strangely shaped body.
You occasionally shout uncontrollably at your foes.
You can spit weak poison.
You are weak. (Str -2)
Your spells are a little harder to cast, but a little more powerful.


Message History

The rust devil corrodes you!
You hit the orc high priest.
The orc high priest looks even sicker.
The orc high priest is moderately wounded.
You closely miss the rust devil.
The rust devil is heavily wounded.
You hit the orc priest but do no damage.
The orc priest is poisoned.
You block the orc high priest's attack. The orc priest barely misses you.
You block the orange demon's attack. The rust devil hits you.
The rust devil corrodes you!
The orc priest invokes the aid of Beogh against you.
Something smites you!
* * * LOW HITPOINT WARNING * * *
You block the orc high priest's attack.
The orc high priest intones a terrible prayer.
The orc high priest calls upon Beogh to heal the orc priest.
The orc priest's wounds heal themselves!
An orc priest comes into view. It is wielding a club.
The orc priest invokes the aid of Beogh against you.
Something smites you!
You die...

..........# , #........
, , ...#......###
#........ * *
............ o...8..,
..........# #o... , *
.)........#, #44#* ** **
.)........# #4o# , ,
..........# #o)# , , **
, ..........# #..#,,
....#.....######@.#####
, *
........................
,, ,
........................
, ,
..#...##################
..##.## .. ### .. , *


You could see an orc high priest, an orange demon, a rust devil, a sixfirhy and
3 orc priests.

Vanquished Creatures
  The ghost of srt19170 the Protected, a journeyman MiBe of Trog (D:10)
  An orc high priest (Orc:4)
  Urug (Orc:2)
  An unseen horror (D:11)
  Pikel (D:6)
  2 hill giants
  A cyclops (D:12)
  An ugly thing (D:11)
  An oklob plant (Orc:2)
  A gargoyle (D:11)
  A komodo dragon (Lair:1)
  A centaur skeleton (D:12)
  A tengu conjurer (D:11)
  2 trolls (D:12)
  A two-headed ogre (D:10)
  A spriggan (D:7)
  A wraith (D:12)
  3 basilisks
  3 yaks (Lair:1)
  4 vampire mosquitoes (D:7)
  3 hippogriffs
  2 wyverns
  7 wargs
  9 orc warriors
  4 slaves (D:6)
  4 water moccasins
  5 ice beasts
  2 phantoms
  A necrophage (D:11)
  A porcupine (Lair:1)
  2 black bears
  16 ogres
  2 centaurs
  5 crocodiles
  2 giant frogs (D:9)
  4 big kobolds
  A gnoll sergeant (D:12)
  4 scorpions
  3 killer bees (D:9)
  A vampire bat (Orc:3)
  4 crimson imps
  2 giant frog zombies
  6 hounds
  A jelly (D:5)
  21 orc priests
  4 giant frog skeletons
  2 wasp zombies
  2 worker ants
  14 orc wizards
  9 iguanas
  8 sheep (D:9)
  A hound skeleton (D:6)
  A worker ant zombie (D:6)
  11 gnolls
  12 adders
  3 shadow imps
  3 river rats (D:9)
  An ooze (D:1)
  2 adder skeletons
  3 worms
  12 giant geckos
  116 orcs
  A ball python (D:2)
  5 giant cockroaches
  7 goblins
  8 hobgoblins
  16 jackals
  9 quokkas
  16 bats
  A giant gecko zombie (D:7)
  4 giant newts
  13 kobolds
  11 rats
  A toadstool (D:1)
437 creatures vanquished.

Vanquished Creatures (others)
  3 toadstools (D:1)
3 creatures vanquished.

Grand Total: 440 creatures vanquished

Notes
Turn   | Place    | Note
--------------------------------------------------------------
     0 | D:1      | Ivanskos the Deep Dwarf Fighter began the quest for the Orb.
     0 | D:1      | Reached XP level 1. HP: 20/20 MP: 1/1
   142 | D:1      | Reached XP level 2. HP: 18/27 MP: 2/2
   420 | D:1      | Reached XP level 3. HP: 19/34 MP: 3/3
   947 | D:2      | Found a deep blue altar of Sif Muna.
   949 | D:2      | Found an ancient bone altar of Kikubaaqudgha.
   949 | D:2      | Found a radiant altar of Vehumet.
   954 | D:2      | Identified Sif Muna's Disquisition on Summoning
   961 | D:2      | Identified Vehumet's Grimoire of Arcane Weapons
   970 | D:2      | Identified Kikubaaqudgha's Catalogue of Dark Secrets
  1041 | D:2      | Reached skill level 4 in Shields
  1444 | D:3      | Reached XP level 4. HP: 42/42 MP: 4/4
  1664 | D:3      | Found a sacrificial altar of Ru.
  1763 | D:3      | Reached skill level 1 in Dodging
  1834 | D:3      | Reached XP level 5. HP: 47/49 MP: 5/5
  1891 | D:3      | HP: 1/49 [gnoll/long sword (5)]
  1963 | D:3      | Found a snail-covered altar of Cheibriados.
  2053 | D:3      | Found a sparkling altar of Nemelex Xobeh.
  2266 | D:4      | Got a steaming war axe
  2267 | D:4      | Identified the +7 war axe of Spores {venom, Stlth+} (You found it on level 4 of the Dungeon)
  2347 | D:4      | Reached XP level 6. HP: 30/57 MP: 6/6
  2870 | D:4      | Noticed a water moccasin
  2875 | D:4      | Killed a water moccasin
  2875 | D:4      | Reached skill level 1 in Axes
  2993 | D:5      | Entered Level 5 of the Dungeon
  3014 | D:5      | Reached skill level 5 in Shields
  3581 | D:6      | Found an opulent altar of Gozag.
  3626 | D:6      | Reached XP level 7. HP: 52/64 MP: 7/7
  3698 | D:6      | Gained mutation: You can spit weak poison. [potion of mutation]
  3698 | D:6      | Gained mutation: You have a pair of small horns on your head. [potion of mutation]
  3698 | D:6      | Gained mutation: You are partially covered in molten scales (AC +1). [potion of mutation]
  3699 | D:6      | Gained mutation: Armour fits poorly on your strangely shaped body. [potion of mutation]
  3699 | D:6      | Gained mutation: You have large cloven feet. [potion of mutation]
  3699 | D:6      | Lost mutation: You have large cloven feet. [potion of mutation]
  3700 | D:6      | Gained mutation: You are weak. (Str -2) [potion of mutation]
  3700 | D:6      | Gained mutation: You have sharp toenails. [potion of mutation]
  3701 | D:6      | Gained mutation: You occasionally shout uncontrollably at your foes. [potion of mutation]
  3737 | D:6      | Reached skill level 6 in Fighting
  3737 | D:6      | Reached skill level 7 in Axes
  3737 | D:6      | Reached XP level 8. HP: 57/76 MP: 8/8
  3764 | D:6      | Reached skill level 8 in Dodging
  4153 | D:6      | Noticed Pikel
  4162 | D:6      | Killed Pikel
  4540 | D:6      | Found a shimmering altar of Xom.
  4640 | D:7      | Gained mutation: You passively map the area around you. [Deep Dwarf growth]
  4640 | D:7      | Reached XP level 9. HP: 36/84 MP: 9/9
  4713 | D:7      | Found a staircase to the Ecumenical Temple.
  4726 | Temple   | Entered the Ecumenical Temple
  4735 | Temple   | Became a worshipper of Makhleb the Destroyer
  5023 | D:7      | Noticed a moth of wrath
  5026 | D:7      | Found a bloodstained altar of Trog.
  5146 | D:7      | Reached skill level 9 in Dodging
  5761 | D:8      | Reached * piety under Makhleb
  6115 | D:9      | Reached XP level 10. HP: 60/92 MP: 10/10
  6120 | D:9      | Reached ** piety under Makhleb
  6126 | D:9      | Found a staircase to the Lair.
  6557 | D:10     | Entered Level 10 of the Dungeon
  6578 | D:10     | Reached skill level 10 in Dodging
  6602 | D:10     | Noticed srt19170's ghost (journeyman MiBe)
  6642 | D:10     | Killed srt19170's ghost
  6678 | D:10     | Reached *** piety under Makhleb
  6757 | D:10     | Gained mutation: You can translocate small distances at will. [potion of mutation]
  6757 | D:10     | Lost mutation: You have a pair of small horns on your head. [potion of mutation]
  6757 | D:10     | Gained mutation: Your spells are a little harder to cast, but a little more powerful. [potion of mutation]
  7101 | D:10     | Found Everub's Weapon Boutique.
  7413 | D:11     | Noticed a cyan ugly thing
  7421 | D:11     | Killed a cyan ugly thing
  7561 | D:11     | Noticed a hill giant
  7597 | D:11     | Killed an unseen horror
  7597 | D:11     | Reached XP level 11. HP: 74/100 MP: 11/11
  7839 | D:11     | Killed a hill giant
  7983 | D:12     | Noticed a hill giant
  7990 | D:12     | Killed a hill giant
  7990 | D:12     | Reached **** piety under Makhleb
  7990 | D:12     | Reached skill level 11 in Dodging
  8337 | Lair:1   | Entered Level 1 of the Lair of Beasts
  8367 | Lair:1   | Got a fine leather armour
  8378 | Lair:1   | Identified the +3 leather armour of Xoed {rElec Str+4} (You found it on level 1 of the Lair of Beasts)
  8615 | Lair:1   | Noticed an eight-headed hydra
  9075 | D:12     | Reached skill level 10 in Axes
  9200 | D:12     | Found a staircase to the Orcish Mines.
  9433 | D:12     | Noticed a centaur warrior
  9433 | D:12     | Noticed a stone giant
  9433 | D:12     | Noticed a six-headed hydra
  9433 | D:12     | Noticed a hell knight
  9533 | Orc:1    | Entered Level 1 of the Orcish Mines
  9554 | Orc:1    | Reached ***** piety under Makhleb
 10394 | Orc:2    | Found Itiamp's Jewellery Boutique.
 10394 | Orc:2    | Noticed Urug
 10408 | Orc:2    | Killed Urug
 10408 | Orc:2    | Reached XP level 12. HP: 84/112 MP: 11/11
 10427 | Orc:2    | Found Zaraus's Jewellery Shoppe.
 10427 | Orc:2    | Found Totiqix's Antique Armour Emporium.
 10492 | Orc:2    | Bought a slimy large shield for 266 gold pieces
 10492 | Orc:2    | Bought a pair of smoking boots for 266 gold pieces
 10492 | Orc:2    | Bought a slimy plate armour for 784 gold pieces
 10502 | Orc:2    | Identified the cursed +0 large shield "Huuroury" {rPois rF- rN++ Slay+3} (You bought it in a shop on level 2 of the Orcish Mines)
 10527 | Orc:2    | Identified the +2 pair of boots of the Desert {rElec rF+++ Dex-2} (You bought it in a shop on level 2 of the Orcish Mines)
 10537 | Orc:2    | Identified the +3 plate armour "Wuoxippo" {rC++ Int+5 Stlth-} (You bought it in a shop on level 2 of the Orcish Mines)
 10864 | Orc:4    | Entered Level 4 of the Orcish Mines
 10914 | Orc:4    | Reached ****** piety under Makhleb
 11079 | Orc:4    | Killed from afar by an orc priest

Action                   |  1- 3 |  4- 6 |  7- 9 | 10-12 || total
-------------------------+-------+-------+-------+-------++-------
Melee: Flail             |   166 |   217 |       |       ||   383
       War axe           |       |    73 |   181 |   504 ||   758
Invok: Lesser Servant of |       |       |       |     1 ||     1
 Abil: Device Recharging |       |       |       |     1 ||     1
Evoke: Wand              |     1 |     3 |     2 |     3 ||     9
  Use: Scroll            |     6 |     7 |     5 |     4 ||    22
       Potion            |       |       |    11 |     5 ||    16
 Stab: Invisible         |       |       |       |     3 ||     3
       Sleeping          |       |       |       |     3 ||     3
  Eat: Meat ration       |     1 |       |     1 |     2 ||     4
       Bread ration      |       |     1 |       |       ||     1
       Fruit             |       |       |     3 |       ||     3
       Royal jelly       |       |       |     1 |       ||     1
       Beef jerky        |       |       |       |     3 ||     3
